 Dungeon Crawl Stone Soup version 0.21-a0-84-g85d6d27 (webtiles) character file.

10197 Lianjan the Severer (level 11, -3/198 HPs)
             Began as a Deep Dwarf Fighter on July 3, 2017.
             Was a Believer of Makhleb.
             Slain by a 15-headed hydra (5 damage)
             ... on level 11 of the Dungeon.
             The game lasted 00:26:28 (8679 turns).

Lianjan the Severer (Deep Dwarf Fighter)            Turns: 8679, Time: 00:26:28

Health: -3/198     AC: 25    Str: 28    XL:     11   Next: 33%
Magic:  2/2        EV:  2    Int: 13    God:    Makhleb [**....]
Gold:   656        SH:  0    Dex: 12    Spells: 10/10 levels left

rFire    . . .     SeeInvis .   a - +1 war axe
rCold    . . .     Gourm    .   (no shield)
rNeg     + + +     Faith    .   (armour currently unavailable)
rPois    +         Spirit   .   (helmet currently unavailable)
rElec    .         Reflect  .   (cloak currently unavailable)
rCorr    .         Harm     .   (gloves currently unavailable)
MR       +....     NoTele   +   (boots currently unavailable)
Stlth    ..........             (no amulet)
HPRegen  0.00/turn              d - ring of Wyrchashou {rN+ Int+4}
MPRegen  0.08/turn              R - ring of poison resistance

@: berserking (expiring), lethally poisoned (-3 -> -3), tree-form,
non-regenerating, very quick
A: damage resistance, heal wounds, sense surroundings 2, no regeneration
a: Heal Wounds, Minor Destruction, Renounce Religion


You were on level 11 of the Dungeon.
You worshipped Makhleb.
Makhleb was pleased with you.
You were not hungry.
You were a tree.
You visited 2 branches of the dungeon, and saw 12 of its levels.
You also visited: Sewer.

You collected 656 gold pieces.

Inventory:

Hand Weapons
 a - a +1 war axe (weapon)
Armour
 q - a +1 cloak (melded)
 D - a +0 pair of boots (melded)
 E - a +1 chain mail of magic resistance (melded)
Jewellery
 d - the ring of Wyrchashou (left branch) {rN+ Int+4}
   (You found it on level 10 of the Dungeon)

   [ring of positive energy]

   It affects your intelligence (+4).
   It protects you from negative energy.
 w - an uncursed ring of protection from cold
 x - an uncursed amulet of faith
 N - an uncursed ring of resist corrosion
 O - an uncursed ring of protection from cold
 R - a ring of poison resistance (right branch)
Wands
 t - a wand of paralysis (13/24)
 z - a wand of confusion (21/48)
 M - a wand of enslavement (12/24)
 P - a wand of digging (6/24)
 Q - a wand of lightning (0/15)
 S - a wand of random effects (24/48)
 U - a wand of iceblast (0/15)
Scrolls
 g - 2 scrolls of random uselessness
 j - 3 scrolls of fear
 l - 3 scrolls of enchant armour
 n - 4 scrolls of remove curse
 s - a scroll of magic mapping
 y - a scroll of amnesia
 G - 2 scrolls of immolation
 J - a scroll of teleportation
Potions
 b - a potion of magic {unknown}
 h - 3 potions of invisibility
 m - 11 potions of curing
 u - a potion of lignification
 A - 3 potions of flight
 C - 6 potions of agility
 F - 3 potions of brilliance
 I - a potion of cancellation {unknown}
 K - 2 potions of resistance {unknown}
 T - 2 potions of haste {unknown}
Books
 e - a book of Frost

   Spells                             Type                      Level
   a - Freeze                         Ice                          1
   b - Throw Frost                    Conjuration/Ice              2
   c - Ozocubu's Armour               Charms/Ice                   3
   d - Throw Icicle                   Conjuration/Ice              4
   e - Summon Ice Beast               Ice/Summoning                4
 i - a book of Cantrips

   Spells                             Type                      Level
   a - Confusing Touch                Hexes                        1
   b - Animate Skeleton               Necromancy                   1
   c - Summon Small Mammal            Summoning                    1
   d - Apportation                    Translocation                1
 v - a book of Minor Magic

   Spells                             Type                      Level
   a - Magic Dart                     Conjuration                  1
   b - Blink                          Translocation                2
   c - Call Imp                       Summoning                    2
   d - Slow                           Hexes                        2
   e - Conjure Flame                  Conjuration/Fire             3
   f - Mephitic Cloud                 Conjuration/Poison/Air       3
 B - a book of Maledictions

   Spells                             Type                      Level
   a - Corona                         Hexes                        1
   b - Ensorcelled Hibernation        Hexes/Ice                    2
   c - Confuse                        Hexes                        3
   d - Tukima's Dance                 Hexes                        3
   e - Dazzling Spray                 Conjuration/Hexes            3
 L - a book of Party Tricks

   Spells                             Type                      Level
   a - Summon Butterflies             Summoning                    1
   b - Apportation                    Translocation                1
   c - Lesser Beckoning               Translocation                3
   d - Tukima's Dance                 Hexes                        3
   e - Alistair's Intoxication        Transmutation/Poison         5
   f - Invisibility                   Hexes                        6
Comestibles
 c - 7 royal jellies
 f - 8 bread rations
 k - 5 meat rations
 p - 4 fruits


   Skills:
 - Level 2.6 Fighting
 + Level 16.6 Axes
 + Level 9.0 Armour
   Level 3.2 Shields


You had 10 spell levels left.
You didn't know any spells.

Dungeon Overview and Level Annotations

Branches:
Dungeon (11/15)            Temple (1/1) D:4             Orc (0/2) D:10
   Lair: D:8-11

Altars:
Ashenzari
Cheibriados
Dithmenos
Elyvilon
Fedhas
Gozag
Hepliaklqana
Kikubaaqudgha
Makhleb
Nemelex Xobeh
Okawaru
Qazlal
Ru
Sif Muna
Trog
Uskayaw
Vehumet
Wu Jian
Xom
Yredelemnul
Zin
The Shining One
Beogh

Shops:
D:4 }


Innate Abilities, Weirdness & Mutations

You are resistant to damage.
You can heal yourself by infusing magical energy.
You passively map the area around you.
You do not regenerate.


Message History

The 14-headed hydra bites you but does no damage. x3
The 14-headed hydra bites you!
* * * LOW HITPOINT WARNING * * *
The 14-headed hydra bites you but does no damage. x2
The 14-headed hydra bites you!
* * * LOW HITPOINT WARNING * * *
The 14-headed hydra bites you.
* * * LOW HITPOINT WARNING * * *
The 14-headed hydra barely misses you. The 14-headed hydra bites you. x2
* * * LOW HITPOINT WARNING * * *
The 14-headed hydra bites you but does no damage. x2
You chop one of the 14-headed hydra's heads off!
The 13-headed hydra grows two more!
You slash the 15-headed hydra!
The 15-headed hydra is moderately wounded.
Unknown command.
You barely miss the 15-headed hydra.
The 15-headed hydra is moderately wounded.
The 15-headed hydra bites you but does no damage. x2
The 15-headed hydra bites you!
You die...

, *
#...........###.......... *
*
,..........?##...##.......
,,#..........#%.#..........
,,, ,
#..........)..###.......#
*...#.....#.#..# *....#.##
,, .........†.#.........#.#
* ** *.#...#.####.........#
# , #.#..D####....#.#### *
* #.....♣.......# # , *
##....##......# , , *
#...##* .....# * , * .<....
, ##..*,* * ,* ####≈. * #,
, , , * ,* ##≈ , ,* * , ,
** , #. , ,* * , , + * * *
* ,, ,, ,,,


You could see a 15-headed hydra.

Vanquished Creatures
  Erica (D:9)
  2 two-headed ogres
  The ghost of Flapstick the Basher, a novice DsCK of Makhleb (D:8)
  An unseen horror (D:10)
  A gargoyle (D:10)
  A kobold demonologist (D:7)
  A hornet (D:11)
  The ghost of Flapstick the Cudgeler, an amateur DsMo (D:4)
  5 yaks (D:8)
  Grum (D:9)
  A wyvern (D:9)
  The ghost of VonBacon the Insei, an amateur OpTm of Ru (D:3)
  An acid dragon (D:11)
  An ice beast (D:10)
  A black bear (D:6)
  2 sky beasts
  2 orc warriors
  6 ogres
  A necrophage (D:8)
  A phantom (D:7)
  4 wolves (D:9)
  3 centaurs
  A crocodile (D:10)
  2 big kobolds
  6 bullfrogs
  6 killer bees (D:9)
  4 scorpions
  5 wights (D:10)
  4 howler monkeys
  4 crimson imps
  3 hounds
  A quasit (D:9)
  3 centaur skeletons
  8 orc priests
  2 jellies (D:7)
  9 orc wizards
  A bullfrog skeleton (D:10)
  3 iguanas
  Ijyb (D:4)
  7 worker ants
  2 killer bee zombies
  A hound zombie (D:7)
  2 howler monkey zombies
  A worker ant zombie (D:4)
  10 adders
  3 river rats (Sewer)
  6 shadow imps
  2 adder zombies (D:5)
  3 oozes
  An adder skeleton (D:6)
  A worm (D:5)
  2 dart slugs
  13 leopard geckos
  31 orcs
  5 bats
  9 giant cockroaches
  5 goblins (D:1)
  8 hobgoblins
  7 jackals
  2 quokkas
  7 ball pythons
  6 frilled lizards
  24 kobolds
  A leopard gecko skeleton (D:7)
  25 rats
286 creatures vanquished.

Notes
Turn   | Place    | Note
-------+----------+-------------------------------------------
     0 | D:1      | Lianjan the Deep Dwarf Fighter began the quest for the Orb.
     0 | D:1      | Reached XP level 1. HP: 20/20 MP: 1/1
   256 | D:1      | Reached skill level 3 in Axes
   256 | D:1      | Reached XP level 2. HP: 27/27 MP: 2/2
   802 | D:2      | Found an iron altar of Okawaru.
   957 | D:2      | Reached skill level 4 in Axes
   957 | D:2      | Reached XP level 3. HP: 25/33 MP: 3/3
  1054 | D:2      | Found a radiant altar of Vehumet.
  1710 | D:3      | Reached skill level 5 in Axes
  1710 | D:3      | Reached XP level 4. HP: 40/40 MP: 4/4
  1851 | D:3      | Noticed an ogre
  1861 | D:3      | Killed an ogre
  1861 | D:3      | Reached skill level 6 in Axes
  1861 | D:3      | Reached XP level 5. HP: 8/46 MP: 5/5
  1872 | D:3      | Noticed VonBacon's ghost (amateur OpTm)
  1884 | D:3      | Killed VonBacon's ghost
  1884 | D:3      | Reached skill level 7 in Axes
  1884 | D:3      | Reached XP level 6. HP: 21/55 MP: 6/6
  2263 | D:4      | Found a staircase to the Ecumenical Temple.
  2269 | Temple   | Entered the Ecumenical Temple
  2615 | D:4      | Found a stormy altar of Qazlal.
  2618 | D:4      | Reached skill level 8 in Axes
  2667 | D:4      | Found Gazxics's Gadget Shoppe.
  2835 | D:4      | Noticed Ijyb
  2868 | D:4      | Killed Ijyb
  3097 | D:4      | Reached XP level 7. HP: 55/61 MP: 6/6
  3219 | D:4      | Noticed Flapstick's ghost (amateur DsMo)
  3234 | D:4      | Killed Flapstick's ghost
  3234 | D:4      | Reached skill level 9 in Axes
  3283 | D:5      | Entered Level 5 of the Dungeon
  3634 | D:5      | Found a glowing drain.
  3654 | Sewer    | Entered a sewer
  3827 | Sewer    | Reached skill level 10 in Axes
  3941 | Sewer    | Reached XP level 8. HP: 52/68 MP: 6/6
  4878 | D:5      | Reached skill level 11 in Axes
  5392 | D:6      | Reached skill level 12 in Axes
  5411 | D:6      | Found a shattered altar of Ashenzari.
  5687 | D:7      | Gained mutation: You passively map the area around you. [Deep Dwarf growth]
  5687 | D:7      | Reached XP level 9. HP: 45/74 MP: 5/5
  5721 | D:7      | Reached skill level 13 in Axes
  5825 | D:7      | Noticed a kobold demonologist
  5827 | D:7      | Noticed a sun demon
  5830 | D:7      | Noticed an orange demon
  5840 | D:7      | Noticed an orange demon
  5850 | D:7      | Noticed a rust devil
  5902 | D:7      | Noticed an ice devil
  5910 | D:7      | Killed a kobold demonologist
  6094 | D:7      | Found a burning altar of Makhleb.
  6251 | D:8      | Noticed Flapstick's ghost (novice DsCK)
  6260 | D:8      | Reached skill level 14 in Axes
  6271 | D:8      | Killed Flapstick's ghost
  6436 | D:7      | Became a worshipper of Makhleb the Destroyer
  6588 | D:8      | Reached skill level 15 in Axes
  6588 | D:8      | Reached XP level 10. HP: 41/81 MP: 4/4
  6920 | D:9      | Noticed a two-headed ogre
  6939 | D:9      | Killed a two-headed ogre
  6939 | D:9      | Reached skill level 5 in Armour
  6976 | D:9      | Found a basalt altar of Yredelemnul.
  7015 | D:9      | Noticed Erica
  7041 | D:9      | Killed Erica
  7112 | D:9      | Reached * piety under Makhleb
  7162 | D:9      | Noticed Grum
  7166 | D:9      | Killed Grum
  7185 | D:9      | Found a sacrificial altar of Ru.
  7261 | D:9      | Reached skill level 16 in Axes
  7561 | D:10     | Entered Level 10 of the Dungeon
  7614 | D:10     | Found a staircase to the Orcish Mines.
  7627 | D:10     | Found a roughly hewn altar of Beogh.
  7732 | D:10     | Noticed a gargoyle
  7746 | D:10     | Killed a gargoyle
  7753 | D:10     | Reached XP level 11. HP: 49/88 MP: 4/4
  8165 | D:10     | Got a pitted marble ring
  8167 | D:10     | Identified the ring of Wyrchashou {rN+ Int+4} (You found it on level 10 of the Dungeon)
  8190 | D:10     | Reached ** piety under Makhleb
  8417 | D:10     | Killed an unseen horror
  8571 | D:11     | Noticed a four-headed hydra
  8628 | D:11     | Noticed a two-headed ogre
  8650 | D:11     | Killed a two-headed ogre
  8677 | D:11     | HP: 9/198 [14-headed hydra (3)]
  8677 | D:11     | HP: 2/198 [14-headed hydra (5)]
  8679 | D:11     | Slain by a 15-headed hydra

Vault maps used:
D:1:      dpeg_arrival_stone_temple_mockup, minmay_split_cup_small
D:2:      okawaru_gym_becter, marbit_many_paths
D:3:      kennysheep_potato
D:4:      lemuel_round_altar, minmay_temple_entry_hall, serial_shops,
          nicolae_shop_window_shopping, first_bread, grunt_ministairs_6,
          uniq_ijyb
D:5:      cheibrodos_sewer_entry_drain, minmay_lizard_king
D:6:      kennysheep_little_box, grunt_decor_fettered
D:7:      hangedman_cross_stitches, nicolae_overflow_hidden_temple
D:8:      serial_curves, eino_curves_03, eino_curves_04
D:9:      nicolae_overflow_crystal_walls, nicolae_ru_awakened_eye, uniq_erica,
          uniq_grum
D:10:     minmay_orc_entry_temple_small
D:11:     dpeg_oklobed_lair, hangedman_little_slice_of_home, grunt_ministairs_4,
          tso_metal_star
Temple:   eino_temple_rhombus
Sewer:    sewer_minmay_treatment

Skill      XL: |  1  2  3  4  5  6  7  8  9 10 11 |
---------------+----------------------------------+-----
Axes           | 3 4 5 6 7 8 10 12 15 16 | 16.6
Armour         | 7 9 |  9.0
Fighting       | |  2.6
Shields        | |  3.2

Action                   |  1- 3 |  4- 6 |  7- 9 | 10-12 || total
-------------------------+-------+-------+-------+-------++-------
Melee: War axe           |    91 |   151 |   475 |   364 ||  1081
Invok: Minor Destruction |       |       |       |     2 ||     2
 Abil: Heal Wounds       |     1 |     3 |    16 |    23 ||    43
Evoke: Wand              |       |       |       |     4 ||     4
  Use: Scroll            |       |       |    10 |    12 ||    22
       Potion            |       |       |     1 |     8 ||     9
  Eat: Chunk             |     1 |     6 |    11 |     8 ||    26
Armor: Scale mail        |    44 |     8 |       |     2 ||    54
       Chain mail        |       |    97 |   301 |   336 ||   734
       Skin              |       |       |       |    52 ||    52
Dodge: Dodged            |    59 |    64 |   190 |   139 ||   452
